 Dungeon Crawl Stone Soup version 0.25-a0-73-g9796ba8d15 (webtiles) character file.

Game seed: 8987266837871933862, levelgen mode: deterministic

0 Gargoyl the Skirmisher (level 1, -3/19 HPs)
             Began as a Draconian Abyssal Knight on Nov 5, 2019.
             Was a Follower of Lugonu.
             Slain by a small abomination (11 damage)
             ... on level 1 of the Abyss.
             The game lasted 00:00:08 (72 turns).

Gargoyl the Skirmisher (Draconian Abyssal Knight)     Turns: 72, Time: 00:00:09

Health: -3/19      AC:  4    Str: 13 (14) XL:     1   Next: 0%
Magic:  2/2        EV: 12    Int:  9 (12) God:    Lugonu [*.....]
Gold:   0          SH:  0    Dex:  7 (10) Spells: 0/0 levels left

rFire    . . .     SeeInvis .   a - +1 hand axe
rCold    . . .     Gourm    .   (no shield)
rNeg     . . .     Faith    .   (armour unavailable)
rPois    .         Spirit   .   (helmet restricted)
rElec    .         Reflect  .   (no cloak)
rCorr    .         Harm     .   (no gloves)
MR       .....                  (no boots)
Stlth    +.........             (no amulet)
HPRegen  0.06/turn              (no ring)
MPRegen  0.08/turn              (no ring)

@: no status effects
A: unfitting armour, deterioration 1, cold-blooded, AC +4
a: Depart the Abyss, Renounce Religion


You were on level 1 of the Abyss.
You worshipped Lugonu.
Lugonu was aware of your devotion.
You were not hungry.

You visited 0 branches of the dungeon, and saw 0 of its levels.
You visited the Abyss 1 time.

Inventory:

Hand Weapons
 a - a +1 hand axe (weapon)
Comestibles
 b - a ration


   Skills:
 + Level 3.2 Fighting
 + Level 2.0 Axes
 + Level 2.1 Dodging
 + Level 2.0 Invocations


You couldn't memorise any spells.
You didn't know any spells.
Your spell library was empty.

Dungeon Overview and Level Annotations

Branches:
Dungeon (0/15)

Altars:


Innate Abilities, Weirdness & Mutations

Your plain brown scales are hard. (AC +4)
You cannot fit into any form of body armour.
You are cold-blooded and may be slowed by cold attacks.
Your body sometimes deteriorates upon taking damage.


Message History

The quasit bites you but does no damage.
The quasit misses you. The quasit barely misses you.
The quasit barely misses you.
The quasit claws you but does no damage.
The quasit claws you.
You feel clumsy.
A small abomination comes into view.
The quasit misses you. The quasit completely misses you.
The quasit claws you but does no damage.
The small abomination hits you.
The worldbinder calls forth creatures from the Elven Halls!
The small abomination barely misses you.
You hit the worldbinder.
The worldbinder is lightly damaged.
You completely miss the quasit. You barely miss the small abomination.
The quasit disappears in a puff of smoke!
The worldbinder calls forth creatures from the Elven Halls!
The small abomination hits you!
Ouch! That really hurt!
You die...

................
........5......
. #..##.3##..##
##..##..##..##.
...............
................
.##..##..##..##.
##..##.ยง##..##.
.....ex@.......
.......xee.....
##..##e.##..##.
#.. #..# ..# ...
.... ... ..
..... ... ##..#
##. #..#


You could see a deep elf knight, 3 deep elf magi, a worldbinder, a neqoxec, a
small abomination and a crimson imp.

Vanquished Creatures
  A lurking horror (Abyss:1)
1 creature vanquished.

Notes
Turn   | Place    | Note
-------+----------+-------------------------------------------
     0 | Abyss:1  | Gargoyl the Draconian Abyssal Knight began the quest for
                  | the Orb.
     0 | Abyss:1  | Reached XP level 1. HP: 19/19 MP: 2/2
    29 | Abyss:1  | Noticed a large abomination
    42 | Abyss:1  | Noticed a neqoxec
    45 | Abyss:1  | Gained mutation: Your body sometimes deteriorates upon
                  | taking damage. [a neqoxec]
    47 | Abyss:1  | Noticed a crimson imp
    47 | Abyss:1  | Noticed a quasit
    69 | Abyss:1  | Noticed a small abomination
    69 | Abyss:1  | Noticed a worldbinder
    72 | Abyss:1  | Noticed a deep elf knight
    72 | Abyss:1  | Slain by a small abomination

Levels and vault maps discovered:
Abyss:1

Action                   || total
-------------------------++-------
Melee: Hand axe          ||     2
Armor: Skin              ||     5
Dodge: Dodged            ||     8

Table legend:
 A = Non-vault XP
 B = Vault XP
 C = Vault XP percentage of total XP
 D = Non-vault monster count
 E = Vault monster count
 F = Vault count percentage of total count
                 A         B        C        D         E       F
            +---------+---------+-------+---------+---------+-------
      Total |       0 |       0 |   N/A |       0 |       0 |  -nan
            +---------+---------+-------+---------+---------+-------
            +---------+---------+-------+---------+---------+-------
